Map: Arctic Gates

Players

Yata

  • Race: Zerg Zerg
  • League: Silver
  • Spawn Location: 0:00

Myhome

  • Race: Terran Terran
  • League: Diamond
  • Spawn Location: 9:00

Spazmo - Winner!

  • Race: Protoss Protoss
  • League: Diamond
  • Spawn Location: 0:00

VincenTee - Winner!

  • Race: Protoss Protoss
  • Spawn Location: 3:00

VOD

Have the link to the VOD?

Description

Time

  • Played on: Aug. 27, 2017, 9:27 p.m.
  • Length: 19:25
Show
View Real Time Build Order
Export as new Build Order

Yata Zerg 

Build Orders: Hatch First 

Get SALT Encoding   

  12  0:01  Drone  
  13  0:12  Overlord  
  13  0:17  Drone  
  14  0:33  Drone x2  
  14  0:35  Drone  
  17  0:58  Hatchery  
  16  1:04  Drone  
  16  1:05  Drone  
  18  1:18  Extractor  
  18  1:22  Spawning Pool  
  16  1:38  Drone x3  
  19  2:15  Drone x2  
  19  2:16  Drone, Queen  
  23  2:40  Queen  
  23  2:42  Drone x3  
  23  2:44  Metabolic Boost  
  28  2:49  Overlord  
  28  3:31  Hatchery  
  27  3:36  Extractor  
  26  4:07  Overlord x4  
  26  4:20  Roach Warren  
  25  4:25  Queen  
  27  4:43  Zergling x2  
  27  4:44  Zergling x10  
  33  4:50  Evolution Chamber  
  33  4:51  Pneumatized Carapace  
  32  5:00  Roach x3  
  38  5:22  Roach  
  38  5:23  Roach x5  
  46  5:34  Spore Crawler  
  38  7:23  Extractor  
  37  7:53  Hatchery  
  36  8:00  Drone x5  
  36  8:01  Drone x3  
  44  8:16  Spawning Pool  
  18  9:05  Drone x8  
  18  9:06  Drone x2  
  18  9:59  Spawning Pool  
  17  10:07  Spawning Pool  
  16  10:19  Overlord x3  
  16  10:20  Overlord x2  
  16  10:45  Queen  
  19  10:57  Zergling x4  
  20  11:09  Spore Crawler  
  20  11:10  Spore Crawler  
  18  11:21  Drone x3  
  18  11:22  Hatchery  
  20  11:43  Lair  
  16  12:15  Zergling x12  
  22  12:23  Baneling Nest  
  21  12:31  Zergling x2  
  21  12:36  Queen  
  24  12:40  Drone  
  24  13:01  Overseer x2  
  24  13:13  Zergling x2  
  24  13:14  Zergling x12  
  31  13:23  Zergling x2  
  31  13:39  Zergling x2  
  30  13:49  Drone x3, Queen  
  30  13:54  Drone x4  
  38  14:12  Zergling x2  
  38  14:20  Hydralisk Den  
  29  14:26  Extractor x2  
  29  14:28  Spawning Pool  
  29  14:29  Drone x2  
  24  14:31  Drone  
  24  14:32  Drone x2  
  27  14:39  Drone  
  27  14:40  Drone  
  29  14:52  Queen  
  27  15:11  Hydralisk x6  
  36  15:17  Queen  
  36  15:18  Muscular Augments  
  35  15:33  Drone x4  
  39  15:44  Spore Crawler  
  39  15:46  Drone, Spore Crawler  
  39  15:48  Drone x3  
  39  15:49  Drone x3  
  44  15:52  Overlord  
  43  16:08  Drone  
  41  16:15  Drone x2  
  41  16:16  Drone  
  41  16:17  Drone x4  
  41  16:18  Drone x3  
  51  16:24  Overlord  
  51  16:36  Drone  
  52  16:46  Hydralisk  
  41  16:48  Hydralisk  
  41  16:49  Hydralisk x4  
  41  16:53  Queen  
  43  17:02  Hydralisk  
  43  17:03  Hydralisk x2  
  47  17:17  Hydralisk  
  47  17:18  Hydralisk x2  
  53  17:28  Queen  
  49  17:39  Hydralisk x2  
  49  17:42  Overlord  
  49  17:43  Overlord x2  
  53  17:58  Hydralisk  
  53  17:59  Spore Crawler  
  53  18:01  Spore Crawler  
  53  18:05  Queen  
  53  18:09  Hydralisk  
  57  18:14  Hydralisk  
  59  18:27  Hydralisk x2  
  63  18:41  Queen  
  63  18:44  Hydralisk  
  63  18:45  Hydralisk  
  69  18:54  Hydralisk  
  69  18:55  Hydralisk  
Show
View Real Time Build Order
Export as new Build Order

Myhome Terran 

Build Orders: Reaper Expand, MMM Bio 

Get SALT Encoding   

  12  0:01  SCV  
  13  0:13  SCV  
  14  0:18  Supply Depot  
  14  0:26  SCV  
  15  0:40  SCV  
  15  0:41  Barracks  
  16  0:45  Refinery  
  16  0:52  SCV  
  17  1:09  SCV  
  18  1:21  SCV  
  19  1:30  Supply Depot  
  19  1:34  Reaper  
  19  1:35  Orbital Command  
  20  1:54  Command Center  
  20  2:02  SCV  
  21  2:10  Engineering Bay  
  21  2:18  Barracks Reactor  
  21  2:25  SCV  
  22  2:40  SCV  
  23  2:45  Barracks  
  23  2:49  Barracks  
  23  2:51  Factory  
  23  2:52  SCV  
  24  3:04  SCV  
  25  3:07  Marine x2  
  27  3:18  SCV  
  28  3:24  Marine x2  
  30  3:30  SCV  
  30  3:32  Orbital Command  
  31  3:35  Barracks Tech Lab  
  31  3:42  Barracks Reactor, Marine x2  
  31  3:44  Refinery  
  33  3:53  SCV  
  33  3:55  Stimpack  
  34  3:56  Factory Tech Lab  
  34  4:00  Marine x2  
  34  4:02  Marine  
  37  4:08  SCV x2  
  39  4:20  SCV  
  39  4:21  Marine x4  
  39  4:22  Marine, Orbital Command  
  45  4:32  SCV  
  46  4:47  Barracks  
  46  4:50  Barracks  
  46  4:53  Barracks  
  46  4:57  Terran Infantry Weapons Level 1  
  46  5:03  Supply Depot  
  46  5:04  Supply Depot  
  46  5:08  Siege Tank, Marine x5  
  54  5:24  SCV x2  
  54  5:26  Marine x2  
  58  5:29  Supply Depot  
  58  5:32  Missile Turret  
  58  5:35  Missile Turret  
  58  5:36  SCV x2  
  60  5:45  Marine x4, Missile Turret  
  64  5:55  Missile Turret  
  64  5:56  Combat Shields, Marine  
  64  5:57  Marine x2  
  67  6:13  Marine x5  
  67  6:14  Marine x2  
  74  6:19  Marine  
  74  6:25  SCV x2  
  77  6:31  Marine  
  77  6:32  Starport  
  78  6:44  Marine  
  78  6:48  Marine  
  67  7:02  Marine x2  
  67  7:03  Marine x3  
  67  7:06  Marine  
  74  7:13  SCV x2  
  75  7:20  Marine x2  
  75  7:21  Marine  
  78  7:27  Medivac, Marine x2  
  78  7:29  Marine  
  82  7:31  Command Center  
  83  7:39  Missile Turret  
  83  7:41  Marine x3  
  86  7:56  Supply Depot  
  86  7:59  Supply Depot  
  86  8:00  Starport Tech Lab  
  86  8:17  SCV x2, Marine x6  
  91  8:35  Marine x2  
  89  8:50  Marine x4  
  89  8:51  SCV x2  
  89  8:52  Marine  
  89  8:53  Raven  
  98  9:01  Marine  
  95  9:07  Marine x2  
  95  9:08  Marine x2, Missile Turret  
  95  9:09  Planetary Fortress  
  93  9:14  Marine  
  94  9:19  Marine  
  95  9:25  Marine x3  
  95  9:26  Marine  
  99  9:32  Marine  
  99  9:37  Reaper  
  100  9:43  Marine x4  
  100  10:01  Marine  
  101  10:21  Supply Depot  
  101  10:22  Supply Depot  
  101  10:23  Supply Depot  
  101  10:29  Marine  
  101  10:30  Reaper  
  101  10:31  Marine x2  
  101  10:34  Marine  
  86  10:49  Marine x2  
  85  10:59  Marine  
  67  11:17  Marine  
  65  11:23  Orbital Command  
Show
View Real Time Build Order
Export as new Build Order

Spazmo Protoss - Winner!

Build Orders:  

Get SALT Encoding   

  12  0:01  Probe (Chrono Boost)  
  13  0:13  Probe (Chrono Boost)  
  14  0:21  Pylon  
  14  0:24  Probe (Chrono Boost)  
  15  0:39  Probe (Chrono Boost)  
  15  0:42  Forge  
  16  0:49  Probe (Chrono Boost)  
  17  0:55  Pylon  
  17  1:09  Pylon  
  17  1:19  Photon Cannon  
  17  1:22  Probe (Chrono Boost)  
  18  1:32  Photon Cannon  
  18  1:43  Gateway  
  18  1:55  Pylon  
  18  2:15  Photon Cannon  
  18  2:18  Photon Cannon  
  18  2:21  Photon Cannon  
  17  2:56  Probe (Chrono Boost)  
  17  2:58  Assimilator  
  18  3:02  Assimilator  
  18  3:04  Cybernetics Core  
  18  3:07  Probe (Chrono Boost)  
  18  3:09  Pylon  
  19  3:17  Probe (Chrono Boost)  
  20  3:28  Probe (Chrono Boost)  
  20  3:31  Pylon  
  21  3:39  Probe (Chrono Boost)  
  22  3:49  Probe (Chrono Boost)  
  23  3:58  Nexus  
  23  3:59  Pylon  
  23  4:06  Assimilator  
  23  4:10  Photon Cannon  
  23  4:11  Assimilator  
  23  4:15  Stargate  
  23  4:22  Mothership Core (Chrono Boost)  
  25  4:32  Photon Cannon  
  25  4:42  Stargate  
  25  4:54  Photon Cannon  
  25  5:12  Probe (Chrono Boost)  
  26  5:16  Probe (Chrono Boost)  
  27  5:23  Probe (Chrono Boost)  
  27  5:26  Probe (Chrono Boost)  
  27  5:27  Oracle  
  32  5:33  Probe (Chrono Boost)  
  32  5:34  Oracle  
  36  5:37  Probe (Chrono Boost)  
  37  5:44  Probe (Chrono Boost)  
  37  5:47  Probe (Chrono Boost)  
  39  5:54  Probe (Chrono Boost)  
  40  6:03  Protoss Air Armor Level 1 (Chrono Boost)  
  40  6:05  Probe (Chrono Boost)  
  41  6:15  Probe (Chrono Boost)  
  42  6:26  Probe (Chrono Boost)  
  43  6:37  Probe (Chrono Boost)  
  38  6:55  Cybernetics Core  
  38  6:59  Fleet Beacon  
  38  7:01  Pylon  
  38  7:02  Pylon  
  38  7:03  Probe (Chrono Boost)  
  38  7:05  Probe (Chrono Boost)  
  40  7:13  Probe (Chrono Boost)  
  40  7:14  Probe  
  42  7:24  Probe  
  42  7:25  Probe  
  43  7:35  Probe  
  44  7:43  Photon Cannon  
  44  7:44  Pylon  
  44  7:48  Carrier x2  
  44  7:51  Graviton Catapult  
  56  7:59  Protoss Air Armor Level 2 (Chrono Boost)  
  56  8:10  Protoss Air Weapons Level 1 (Chrono Boost)  
  56  8:20  Protoss Shields Level 1  
  56  8:24  Stargate  
  56  8:27  Stargate  
  56  8:55  Nexus  
  56  8:56  Assimilator  
  56  9:00  Assimilator  
  56  9:03  Pylon  
  56  9:04  Pylon  
  56  9:08  Pylon x2  
  56  9:20  Carrier x2  
  68  9:29  Pylon  
  68  9:33  Pylon  
  68  9:38  Probe  
  69  9:39  Probe  
  70  9:50  Probe x2  
  72  10:02  Probe  
  50  11:48  Gateway  
  41  12:29  Gateway  
  41  13:14  Nexus  
  41  13:19  Pylon  
  41  13:20  Probe  
  42  13:30  Probe  
  43  13:34  Cybernetics Core  
  43  13:41  Probe  
  44  13:51  Probe  
  45  13:56  Probe  
  45  14:02  Probe  
  46  14:07  Probe  
  48  14:12  Probe  
  49  14:18  Probe  
  49  14:23  Probe  
  50  14:28  Probe  
  52  14:33  Probe  
  53  14:39  Probe  
  53  14:44  Probe  
  53  14:45  Stargate  
  54  14:46  Stargate  
  54  14:48  Forge  
  55  15:31  Fleet Beacon  
  55  15:36  Photon Cannon  
  55  15:41  Photon Cannon  
  55  15:45  Photon Cannon  
  55  15:47  Pylon, Probe  
  56  15:55  Photon Cannon  
  56  15:58  Photon Cannon, Probe  
  56  15:59  Pylon  
  57  16:08  Probe  
  57  16:10  Void Ray x2  
  66  16:19  Probe  
  66  16:22  Stargate  
  66  16:23  Stargate  
  67  16:26  Stargate  
  67  16:28  Stargate  
  67  16:29  Probe  
  68  16:39  Mothership Core, Stargate  
  68  16:41  Stargate  
  68  16:46  Pylon  
  70  16:49  Pylon  
  70  16:53  Cybernetics Core  
  70  16:58  Photon Cannon  
  70  16:59  Pylon  
  70  17:01  Pylon  
  76  17:09  Protoss Air Weapons Level 2 (Chrono Boost)  
  76  17:12  Carrier x5  
  76  17:13  Carrier  
  112  17:27  Carrier  
  118  17:34  Probe  
  119  17:45  Probe  
  119  17:46  Nexus  
  120  18:50  Assimilator  
  120  18:55  Assimilator  
Show
View Real Time Build Order
Export as new Build Order

VincenTee Protoss - Winner!

Build Orders: Dark Templar Rush 

Get SALT Encoding   

  12  0:02  Probe (Chrono Boost)  
  13  0:12  Probe (Chrono Boost)  
  14  0:20  Pylon  
  14  0:23  Probe (Chrono Boost)  
  15  0:38  Probe (Chrono Boost)  
  15  0:39  Gateway  
  16  0:49  Assimilator, Probe (Chrono Boost)  
  17  0:59  Pylon, Probe (Chrono Boost)  
  18  1:10  Probe (Chrono Boost)  
  19  1:20  Probe (Chrono Boost)  
  19  1:23  Forge  
  19  1:24  Assimilator  
  20  1:31  Probe (Chrono Boost)  
  21  1:41  Probe (Chrono Boost)  
  21  1:44  Cybernetics Core  
  22  1:52  Probe (Chrono Boost)  
  23  1:59  Photon Cannon  
  23  2:02  Probe (Chrono Boost)  
  24  2:12  Zealot  
  26  2:29  Twilight Council  
  26  2:31  Warp Gate (Chrono Boost)  
  26  2:32  Photon Cannon  
  26  2:43  Gateway  
  26  2:47  Gateway  
  26  2:56  Pylon  
  26  3:15  Dark Shrine  
  26  3:23  Gateway  
  26  3:31  Assimilator  
  26  3:33  Pylon  
  26  3:34  Probe  
  27  3:46  Probe (Chrono Boost)  
  28  3:58  Probe (Chrono Boost)  
  29  4:07  Pylon  
  29  4:08  Probe (Chrono Boost)  
  30  4:19  Probe (Chrono Boost)  
  31  4:28  Dark Templar x3  
  31  4:29  Probe (Chrono Boost)  
  31  4:30  Dark Templar  
  40  4:40  Probe (Chrono Boost)  
  41  4:50  Probe (Chrono Boost)  
  42  5:01  Probe (Chrono Boost)  
  42  5:02  Stalker  
  42  5:07  Dark Templar x2  
  47  5:11  Probe (Chrono Boost)  
  50  5:16  Dark Templar  
  52  5:22  Probe (Chrono Boost)  
  53  5:32  Probe (Chrono Boost)  
  54  5:59  Pylon x2  
  52  6:28  Dark Templar x3  
  52  6:29  Dark Templar  
  52  7:15  Dark Templar x3  
  58  7:24  Nexus  
  58  7:27  Assimilator  
  58  7:28  Pylon  
  58  7:30  Charge  
  58  7:32  Pylon  
  58  7:34  Dark Templar  
  60  7:37  Pylon  
  60  7:46  Protoss Ground Weapons Level 1  
  50  9:07  Dark Templar x3  
  50  9:08  Dark Templar  
  58  9:30  Probe (Chrono Boost)  
  59  9:33  Probe (Chrono Boost)  
  60  9:41  Probe (Chrono Boost)  
  60  9:43  Stargate  
  60  9:44  Probe (Chrono Boost)  
  62  9:47  Stargate  
  62  9:51  Probe (Chrono Boost)  
  62  9:52  Stargate  
  61  9:54  Dark Templar, Probe (Chrono Boost)  
  62  10:02  Probe (Chrono Boost)  
  62  10:05  Probe (Chrono Boost)  
  62  10:06  Dark Templar  
  66  10:12  Probe (Chrono Boost)  
  67  10:16  Probe (Chrono Boost)  
  68  10:35  Dark Templar x2  
  72  10:44  Dark Templar  
  72  11:05  Dark Templar  
  72  11:08  Dark Templar  
  76  11:11  Zealot  
  78  11:25  Dark Templar  
  80  11:33  Void Ray  
  84  11:42  Zealot x2  
  84  11:43  Zealot  
  76  12:04  Dark Templar  
  76  12:05  Dark Templar x2  
  76  12:07  Zealot  
  57  12:47  Dark Templar  
  57  12:49  Dark Templar x2  
  57  12:50  Dark Templar  
  46  13:17  Probe (Chrono Boost)  
  46  13:18  Probe (Chrono Boost)  
  48  13:20  Void Ray x2  
  48  13:25  Pylon  
  54  13:27  Probe (Chrono Boost)  
  54  13:29  Probe (Chrono Boost)  
  56  13:38  Probe (Chrono Boost)  
  56  13:39  Probe (Chrono Boost)  
  52  13:43  Photon Cannon  
  52  13:47  Void Ray  
  56  13:48  Probe (Chrono Boost)  
  56  13:50  Photon Cannon, Probe (Chrono Boost)  
  58  13:56  Pylon, Photon Cannon  
  58  13:59  Probe (Chrono Boost)  
  58  14:00  Photon Cannon, Probe (Chrono Boost)  
  58  14:02  Void Ray, Stargate  
  60  14:03  Void Ray  
  64  14:30  Void Ray  
  68  14:45  Void Ray, Nexus  
  68  14:48  Assimilator  
  72  14:52  Assimilator  
  72  14:59  Probe (Chrono Boost)  
  73  15:10  Probe (Chrono Boost)  
  74  15:20  Probe (Chrono Boost)  
  75  15:28  Void Ray x2  
  83  15:38  Protoss Shields Level 1 (Chrono Boost)  
  83  15:40  Zealot  
  83  15:41  Zealot x2, Protoss Air Weapons Level 1  
  89  15:43  Zealot  
  83  16:22  Zealot  
  83  16:23  Zealot x3  
  91  16:33  Probe  
  91  16:34  Probe  
  93  16:45  Probe x2  
  91  16:55  Probe  
  91  16:58  Probe  
  93  17:03  Void Ray x2  
  93  17:06  Probe  
  93  17:08  Void Ray  
  106  17:10  Probe  
  107  17:17  Probe  
  107  17:22  Probe  
  109  17:45  Dark Templar  
  109  17:46  Void Ray x2  
  109  17:50  Void Ray  
  123  18:03  Dark Templar  
  123  18:04  Zealot x2  
  121  18:28  Void Ray  
  125  19:03  Pylon  
  125  19:04  Nexus  
  125  19:05  Pylon  
  125  19:08  Assimilator  
  125  19:11  Assimilator, Probe  
  125  19:13  Probe  
  125  19:15  Pylon  
  127  19:19  Pylon  
  127  19:21  Pylon  
Tags
 
Add a new tag
Caveats
  • Supply blocks, unpowered buildings, or Contaminate may cause inaccurate times.
  • Supply counts are checked every 10 seconds.